 Dungeon Crawl Stone Soup version 0.28.0-45-g0d030f2227 (webtiles) character file.

Game seed: 15562400774326410233

14587 Peloso the Carver (level 11, -3/101 HPs)
             Began as a Minotaur Fighter on Apr 15, 2022.
             Was a High Priest of Okawaru.
             Slain by a seven-headed hydra (9 damage)
             ... on level 1 of the Lair of Beasts.
             The game lasted 00:26:57 (12661 turns).

Peloso the Carver (Minotaur Fighter)               Turns: 12661, Time: 00:26:57

Health: -3/101     AC: 21    Str: 23    XL:     11   Next: 90%
Magic:  9/11       EV: 12    Int:  5    God:    Okawaru [*****.]
Gold:   680        SH:  8    Dex: 15    Spells: 10/10 levels left

rFire   + + .      SeeInvis .   b - staff of fire
rCold   + . .      Faith    .   c - +0 buckler
rNeg    . . .      Spirit   .   K - +0 shadow dragon scales
rPois   .          Reflect  .   (helmet restricted)
rElec   .          Harm     .   u - scarf {rC+ rF+}
rCorr   .          Rampage  .   o - +0 pair of gloves {Dex+3}
Will    .....                   g - +0 pair of boots
Stlth   ++++......              E - amulet of regeneration
HPRegen 1.06/turn               (no ring)
MPRegen 0.12/turn               (no ring)

@: heroic, studying Poison Magic
A: horns 2, retaliatory headbutt
a: Renounce Religion, Heroism, Finesse, Duel


You were on level 1 of the Lair of Beasts.
You worshipped Okawaru.
Okawaru was extremely pleased with you.
You visited 3 branches of the dungeon, and saw 13 of its levels.

You collected 680 gold pieces.

Inventory:

Hand Weapons
 a - a +0 long sword
Missiles
 C - a throwing net (quivered)
Armour
 c - a +0 buckler (worn)
 g - a +0 pair of boots (worn)
 o - a +0 pair of gloves of dexterity (worn)
 u - a scarf of resistance (worn)
 v - a +0 plate armour
 K - +0 shadow dragon scales (worn)
Magical Staves
 b - a staff of fire (weapon)
Jewellery
 j - a ring of positive energy
 l - an amulet of magic regeneration
 n - a ring of fire
 A - a ring of magical power
 E - an amulet of regeneration (around neck)
 F - a ring of see invisible
Wands
 w - a wand of polymorph (17)
 x - a wand of acid (1)
 J - a wand of paralysis (2)
Scrolls
 e - 4 scrolls of teleportation
 m - 3 scrolls of enchant weapon
 p - 4 scrolls of fog
 q - a scroll of acquirement
 r - 5 scrolls of immolation
 y - 2 scrolls of blinking {unknown}
 D - a scroll of summoning {unknown}
 H - 2 scrolls of fear {unknown}
 I - 2 scrolls of holy word {unknown}
 M - a scroll of noise {unknown}
 N - 2 scrolls of magic mapping
 P - a scroll of brand weapon {unknown}
Potions
 d - 2 potions of might
 f - a potion of magic
 h - 2 potions of haste
 i - 3 potions of mutation
 k - a potion of resistance
 s - a potion of brilliance {unknown}
 t - 3 potions of heal wounds {unknown}
 z - 4 potions of curing
 G - a potion of flight
 O - a potion of invisibility {unknown}


   Skills:
 + Level 10.7(15.7) Fighting
 + Level 14.1(19.1) Long Blades
 + Level 12.1(17.1) Armour
 + Level 3.0(8.0) Dodging
 + Level 1.5(6.5) Stealth
 + Level 9.6(14.6) Shields
 + Level 0.6(5.6) Unarmed Combat
 + Level 2.0 Invocations
 + Level 1.2 Evocations


You had 10 spell levels left.
You didn't know any spells.
Your spell library contained the following spells:

 Spells                   Type           Power      Damage    Failure   Level
 Slow                     Hex            0%         N/A       94%         1
 Sting                    Tmut/Pois      0%         1d3       94%         1
 Poisonous Vapours        Pois/Air       0%         N/A       98%         2
 Confusing Touch          Hex            0%         N/A       100%        3
 Conjure Flame            Conj/Fire      0%         6-21      100%        3
 Ignite Poison            Fire/Tmut/Pois 0%         N/A       100%        3
 Vampiric Draining        Necr           0%         2d6       100%        3
 Olgreb's Toxic Radiance  Pois           0%         N/A       100%        4
 Sticky Flame             Conj/Fire      0%         2d3       100%        4


Dungeon Overview and Level Annotations

Branches:
Dungeon (11/15)            Temple (1/1) D:4            Lair (1/6) D:11
    Orc (0/2) D:11

Altars:
Ashenzari
Cheibriados
Dithmenos
Elyvilon
Fedhas
Gozag
Hepliaklqana
Kikubaaqudgha
Makhleb
Nemelex Xobeh
Okawaru
Qazlal
Ru
Sif Muna
Trog
Uskayaw
Vehumet
Wu Jian
Xom
Yredelemnul
Zin
The Shining One

Shops:
D:6 :   D:9 *   D:10 *


Innate Abilities, Weirdness & Mutations

You have a pair of horns on your head.
You reflexively headbutt those who attack you in melee.


Message History

The seven-headed hydra is severely wounded.
The seven-headed hydra bites you.
* * * LOW HITPOINT WARNING * * *
The seven-headed hydra barely misses you.
The seven-headed hydra bites you but does no damage.
The seven-headed hydra completely misses you.
The seven-headed hydra bites you but does no damage.
The seven-headed hydra barely misses you.
The seven-headed hydra bites you but does no damage.
You hit the seven-headed hydra.
The seven-headed hydra is severely wounded.
The seven-headed hydra bites you!
* * * LOW HITPOINT WARNING * * *
The seven-headed hydra closely misses you.
The seven-headed hydra bites you but does no damage.
The seven-headed hydra bites you.
* * * LOW HITPOINT WARNING * * *
The seven-headed hydra bites you.
* * * LOW HITPOINT WARNING * * *
The seven-headed hydra closely misses you.
The seven-headed hydra bites you but does no damage.
You hit the seven-headed hydra.
The seven-headed hydra is severely wounded.
The seven-headed hydra barely misses you.
The seven-headed hydra bites you but does no damage. x2
The seven-headed hydra barely misses you.
You block the seven-headed hydra's attack. x2
The seven-headed hydra bites you but does no damage.
You hit the seven-headed hydra. You headbutt the seven-headed hydra!
The seven-headed hydra is almost dead.
The seven-headed hydra misses you.
The seven-headed hydra bites you but does no damage.
You block the seven-headed hydra's attack.
The seven-headed hydra bites you.
* * * LOW HITPOINT WARNING * * *
You block the seven-headed hydra's attack.
The seven-headed hydra bites you.
* * * LOW HITPOINT WARNING * * *
The seven-headed hydra bites you!
You die...

.......###,..#.........######.#..
.......# *,.##.#..##.### #.###
.(.....# *,..,,#.....# ##.#
####.### *,#.###'#.### ##..* ###
**###...### #..#### #....#.###
#...... # ###.P#####.#### #......
# ##.........###P####...... #
#P......@D.'............. #
##.........####.###...... #
#.........# ####....... #
#........[# ##...... ##
#.........# #...... .##
##'######## ###..#. ..## #...##
### #.... ...# ###.P# #.########.
#..# #####'##########.(.......


You could see a seven-headed hydra.

Vanquished Creatures
  A hydra (Lair:1)
  2 two-headed ogres
  A tengu warrior (D:11)
  Pikel (D:5)
  A deep elf pyromancer (D:11)
  A cyclops (D:11)
  A centaur zombie (D:10)
  2 cane toads (Lair:1)
  2 kobold demonologists (D:11)
  2 komodo dragons (D:11)
  A tengu conjurer (D:11)
  A queen bee (Lair:1)
  A vampire (D:8)
  15 yaks (D:10)
  3 shadows
  A wraith (D:11)
  3 wyverns
  2 steam dragons
  3 vampire mosquitoes (D:10)
  A two-headed ogre zombie (D:11)
  An acid dragon (D:10)
  2 water moccasins
  An orc warrior (D:6)
  2 black bears
  A sky beast (D:5)
  A necrophage (D:7)
  A hornet zombie (D:4)
  3 ogres
  3 ice beasts
  2 phantoms
  5 centaurs
  A lemure (D:5)
  3 bullfrogs
  A scorpion (D:5)
  2 gnoll sergeants
  2 troll zombies (D:11)
  21 killer bees
  2 howler monkeys
  2 electric eels (D:6)
  3 vampire bats (D:3)
  4 hounds
  A jelly (D:3)
  2 orc priests
  2 iguanas
  2 gnoll shamans
  4 orc wizards
  A scorpion zombie (D:5)
  5 ogre zombies (D:11)
  25 gnolls
  6 adders
  A howler monkey skeleton (D:5)
  A shadow imp (D:7)
  A white imp (D:7)
  A worm (D:4)
  2 dart slugs
  17 orcs
  4 endoplasms
  3 giant cockroaches
  7 hobgoblins
  4 quokkas
  7 ball pythons
  8 bats
  2 frilled lizards
  7 goblins
  A goblin skeleton (D:11)
  3 goblin zombies (D:11)
  2 hobgoblin skeletons (D:11)
  2 hobgoblin zombies (D:11)
  10 kobolds
  2 orc skeletons (D:11)
  15 orc zombies (D:11)
  3 rats
259 creatures vanquished.

Vanquished Creatures (others)
  A fungus (Lair:1)
  7 plants
8 creatures vanquished.

Grand Total: 267 creatures vanquished

Notes
Turn   | Place    | Note
-------+----------+-------------------------------------------
     0 | D:1      | Peloso the Minotaur Fighter began the quest for the Orb.
     0 | D:1      | Reached XP level 1. HP: 19/19 MP: 0/0
   603 | D:1      | Found a faded altar of an unknown god.
   669 | D:2      | Reached XP level 2. HP: 22/27 MP: 1/1
  1272 | D:2      | Reached skill level 3 in Long Blades
  1272 | D:2      | Reached XP level 3. HP: 33/33 MP: 2/2
  2032 | D:3      | Reached XP level 4. HP: 29/41 MP: 3/3
  2256 | D:3      | Reached skill level 4 in Long Blades
  2256 | D:3      | Reached XP level 5. HP: 47/47 MP: 4/4
  2262 | D:3      | Reached skill level 5 in Armour
  2492 | D:4      | Reached skill level 1 in Dodging
  2716 | D:4      | Reached skill level 5 in Fighting
  2716 | D:4      | Reached XP level 6. HP: 45/56 MP: 5/5
  2779 | D:4      | HP: 2/56 [ogre/+0 giant spiked club (14)]
  3093 | D:4      | Found a staircase to the Ecumenical Temple.
  3147 | Temple   | Entered the Ecumenical Temple
  3375 | D:4      | Found a sparkling altar of Nemelex Xobeh.
  3377 | D:4      | Found an iron altar of Okawaru.
  3385 | D:4      | Reached skill level 5 in Long Blades
  3469 | D:4      | Became a worshipper of Warmaster Okawaru
  3758 | D:4      | Found a hide-covered altar of Uskayaw.
  3872 | D:4      | Reached XP level 7. HP: 42/61 MP: 6/6
  4131 | D:5      | Entered Level 5 of the Dungeon
  4163 | D:5      | Noticed Pikel
  4184 | D:5      | Killed Pikel
  4184 | D:5      | Reached * piety under Okawaru
  4185 | D:5      | Reached skill level 7 in Long Blades
  4185 | D:5      | Reached skill level 5 in Shields
  4185 | D:5      | Reached XP level 8. HP: 43/70 MP: 7/7
  4503 | D:5      | Reached skill level 8 in Long Blades
  4645 | D:5      | Reached ** piety under Okawaru
  5621 | D:6      | Reached skill level 9 in Long Blades
  5739 | D:6      | Reached XP level 9. HP: 66/79 MP: 8/8
  5951 | D:7      | Reached *** piety under Okawaru
  6331 | D:7      | Reached skill level 10 in Long Blades
  7069 | D:6      | Found Otom's Self-Improvement Boutique.
  8046 | D:6      | Identified a scroll of acquirement
  8732 | D:8      | Reached skill level 10 in Armour
  8736 | D:8      | Reached XP level 10. HP: 88/88 MP: 9/9
  8890 | D:8      | Noticed a two-headed ogre
  8901 | D:8      | Killed a two-headed ogre
  8901 | D:8      | Reached **** piety under Okawaru
  8902 | D:8      | Reached skill level 11 in Long Blades
  8902 | D:8      | Reached skill level 1 in Invocations
  9750 | D:9      | Found Xaur's Assorted Antiques.
  9949 | D:10     | Entered Level 10 of the Dungeon
 10141 | D:10     | Reached skill level 12 in Long Blades
 10168 | D:10     | Reached ***** piety under Okawaru
 10298 | D:10     | Found an ornate altar of the Wu Jian Council.
 10528 | D:10     | Found Qodeum's Assorted Antiques.
 10735 | D:10     | Reached XP level 11. HP: 83/97 MP: 10/10
 11109 | D:11     | Noticed a tengu warrior
 11123 | D:11     | Killed a tengu warrior
 11228 | D:11     | Found a staircase to the Lair.
 11307 | D:11     | Noticed a soul eater
 11364 | D:11     | Reached skill level 13 in Long Blades
 11405 | D:11     | Found a staircase to the Orcish Mines.
 11410 | D:11     | Noticed a two-headed ogre
 11427 | D:11     | Received a gift from Okawaru
 11588 | D:11     | Reached skill level 10 in Fighting
 11620 | D:11     | Killed a two-headed ogre
 11656 | D:11     | Noticed a deep elf pyromancer
 11743 | D:11     | Killed a deep elf pyromancer
 12149 | Lair:1   | Entered Level 1 of the Lair of Beasts
 12278 | Lair:1   | Noticed a seven-headed hydra
 12302 | Lair:1   | Killed a seven-headed hydra
 12303 | Lair:1   | Reached skill level 1 in Stealth
 12303 | Lair:1   | Reached skill level 1 in Evocations
 12363 | Lair:1   | Reached skill level 14 in Long Blades
 12611 | Lair:1   | Noticed a seven-headed hydra
 12661 | Lair:1   | Slain by a seven-headed hydra

Illustrated notes

Levels and vault maps discovered:
D:1:      amcnicky_arrival_underground_garden, layout_basic,
          chequers_ecumenical_altar_grove, st_stairs_7
D:2:      layout_loops_ring
D:3:      layout_loops_ring, roderic_batcave, minivault_27
D:4:      minmay_evil_eye, layout_rooms, lemuel_doored_altar,
          chequers_temple_overflow_statue_of_worship, temple_pool_b
D:5:      layout_loops_ring, skrybe_limestone_x, minmay_misc_feat_four_crosses,
          uniq_pikel
D:6:      layout_loops_corners, serial_bayou_pond_a, nicolae_shop_self_help
D:7:      layout_cave_pools, chequers_serial_rivers_small_b
D:8:      layout_basic, nzn_life_drinkers
D:9:      layout_rooms, serial_shops, shop_coins
D:10:     layout_small_grid, nzn_wu_jian_contemplation, serial_shops,
          nicolae_shop_advertising_works [nicolae_subvault_shop_adworks]
D:11:     layout_stronghold, david_lair_shrubbed, zombieorc2_lemuel
Temple:   dpeg_five_rooms_temple
Lair:1:   layout_roguey [special_room_bee]

Skill      XL: |  1  2  3  4  5  6  7  8  9 10 11 |
---------------+----------------------------------+-----
Shields        | 4 5 6 8 9 |  9.6
Fighting       | 4 5 7 9 10 | 10.7
Armour         | 4 5 6 7 8 10 11 12 | 12.1
Long Blades    | 3 4 5 7 9 10 12 14 | 14.1
Dodging        | 1 2 3 |  3.0
Invocations    | 1 2 |  2.0
Stealth        | 1 |  1.5
Evocations     | 1 |  1.2
Unarmed Combat | |  0.6

Action                   |  1- 3 |  4- 6 |  7- 9 | 10-12 || total
-------------------------+-------+-------+-------+-------++-------
Melee: Long sword        |    81 |   101 |   256 |   493 ||   931
       Headbutt          |     7 |    14 |    45 |   131 ||   197
       Unarmed           |       |       |     2 |       ||     2
       Staff             |       |       |       |    15 ||    15
Invok: Heroism           |       |       |     6 |    21 ||    27
Evoke: Wand              |       |       |     5 |     8 ||    13
  Use: Scroll            |     4 |     1 |     5 |     4 ||    14
       Potion            |     3 |       |       |     2 ||     5
 Stab: Sleeping          |       |       |       |     2 ||     2
Armor: Scale mail        |    12 |       |       |       ||    12
       Plate armour      |    36 |    84 |    96 |   133 ||   349
       Chain mail        |       |       |    50 |       ||    50
       Shadow dragon sca |       |       |       |   169 ||   169
Dodge: Dodged            |    29 |    35 |    87 |   242 ||   393
Block: Buckler           |    17 |    49 |    64 |   194 ||   324
